 Dungeon Sprint DCSS version 0.30-a0-913-g9934a0ce24 (webtiles) character file.

Game seed: 2668616909234102607

1407 dialectric the Carver (level 8, -3/85 HPs)
             Began as a Gargoyle Fighter on Mar 19, 2023.
             Was a Follower of Trog.
             Slain by a crystal guardian (8 damage)
             ... in the Dungeon (Sprint II: "The Violet Keep of Menkaure").
             The game lasted 00:03:13 (468 turns).

dialectric the Carver (Gargoyle Fighter)             Turns: 468, Time: 00:03:14

Health: -3/85      AC: 16    Str: 26    XL:     8   Next: 70%
Magic:  8/8        EV: 11    Int:  9    God:    Trog [*.....]
Gold:   52         SH:  0    Dex: 11    Spells: 7/7 levels left

rFire   . . .      SeeInvis .    a - +0 long sword
rCold   . . .      Faith    .    (no shield)
rNeg    + . .      Spirit   .    b - +0 scale mail
rPois   ∞          Reflect  .    (no helmet)
rElec   +          Rampage  .    d - +0 cloak
rCorr   .          NoTele   +    (no gloves)
Will    .....                    (no boots) Stlth
                                 (no amulet)
HPRegen 0.34/turn                k - +6 ring of strength
MPRegen 0.11/turn                (no ring)

@: berserking (expiring), very quick
A: sickness immunity, AC +5, negative energy resistance 1, electricity
resistance, torment resistance 1, petrification resistance
a: Renounce Religion, Berserk


You were in the Dungeon.
You worshipped Trog.
Trog was aware of your devotion.
You visited 1 branch You collected 729 gold pieces.
You spent 677 gold pieces at shops.

Inventory:

Hand Weapons
 a - a +0 long sword (weapon)
Armour
 b - a +0 scale mail (worn)
 c - a +0 buckler
 d - a +0 cloak (worn)
Jewellery
 k - a +6 ring of strength (left hand)
Scrolls
 j - a scroll of blinking
Potions
 e - 2 potions of curing
 g - a potion of haste
 h - 2 potions of magic
 i - a potion of might


   Skills:
 - Level 10.1 Fighting
 * Level 12.2 Long Blades
 + Level 10.8 Armour
 - Level 3.3 Dodging
 - Level 3.2 Shields


You had 7 spell levels left.
You didn't know any spells.
Your spell library was empty.

Dungeon Overview and Level Annotations

Branches:
Dungeon (1/1)

Altars:
Cheibriados
Dithmenos
Elyvilon
Fedhas
Gozag
Hepliaklqana
Kikubaaqudgha
Makhleb
Nemelex Xobeh
Okawaru
Qazlal
Ru
Sif Muna
Trog
Uskayaw
Vehumet
Wu Jian
Xom
Yredelemnul
Zin
The Shining One
Jiyva
Lugonu

Shops:
D :::[[=[[?!!=(:(

Annotations:
D exclusions: ice statue and oklob plant


Innate Abilities, Weirdness & Mutations

You are immune to sickness and miasma.
Your stone body is resilient. (AC +5)
You are immune to poison.
You resist negative energy. (rN+)
You are resistant to electric shocks. (rElec)
You are resistant to unholy torment.
You are immune to petrification.


Message History

The death drake is almost dead.
The death drake bites you but does no damage.
You slash the death drake!
The death drake is almost dead.
You slice the death drake!!
You kill the death drake!
Trog accepts your kill.
Your Long Blades skill gained 2 levels and is now at level 12!
You hit the crystal guardian but do no damage.
You hit the crystal guardian but do no damage.
The crystal guardian hits you!
You hit the crystal guardian.
The crystal guardian is lightly damaged.
You hit the crystal guardian but do no damage.
The crystal guardian is lightly damaged.
The crystal guardian hits you.
You slash the crystal guardian!
The crystal guardian is moderately damaged.
You slash the crystal guardian!
The crystal guardian is heavily damaged.
The swamp drake breathes poison at you.
The noxious blast engulfs the crystal guardian but does no damage.
The crystal guardian hits you but does no damage.
You hit the crystal guardian but do no damage.
The crystal guardian is heavily damaged.
The crystal guardian fires a crystalline bolt at you.
The crystal bolt burns you!!
* * * LOW HITPOINT WARNING * * *
You hit the crystal guardian but do no damage.
The crystal guardian is heavily damaged.
You hit the crystal guardian but do no damage.
The crystal guardian is heavily damaged.
You slash the crystal guardian!
The crystal guardian is heavily damaged.
The crystal guardian hits you!
* * * LOW HITPOINT WARNING * * *
You hit the crystal guardian but do no damage.
The crystal guardian is heavily damaged.
The crystal guardian hits you!
You die... #########~~#+++#+++## ########~~~.........# .. .# .......#~~~~.##+##..# #. . ∩.....∩#~~~~##. .##.#### .##k .∩...∩.#~~~~#.. ..#....# ...# ∩.∩.∩.∩#~~### B#B

###..## #..#
.∩.∩.∩.#~##.###+###°##..# +..#
..∩.∩..#~#.#.##°##°°.#..# #..#
...⌠...'~†###'.°@9k##°°°####.^##.
.......#~#.#.##°##°°.#°°°°###^..#
▓▓▓▓▓###~##.###'###°##○°°k..~~~~~
F{######~~### #.#####~~.....~#'##
!{#Y ##~~~#..#..#~~~§~§~..~#_._
P(+. #'#~##.#.##~~§~÷§~~.~#._. .!
[ #)#~~##+##~~~§≈≈§§~~~#_._ $ ###
~~~ ~~~~~§≈§≈§~~~#._.
++#+++#~≈≈≈≈≈≈≈~#.._


You could see a crystal guardian and a swamp drake.

Vanquished Creatures
  A death drake (D)
  2 wyverns (D)
  Menkaure (D)
  A swamp drake (D)
  4 necrophages (D)
  4 scorpions (D)
  A hell rat (D)
14 creatures vanquished.

Vanquished Creatures (others)
  A water moccasin (D)
1 creature vanquished.

Grand Total: 15 creatures vanquished

Notes
Turn   | Place    | Note
-------+----------+-------------------------------------------
     0 | D        | dialectric the Gargoyle Fighter began the quest for the
                  | Orb.
     0 | D        | Reached XP level 1. HP: 14/14 MP: 1/1
     8 | D        | Noticed a wyvern
     8 | D        | Noticed a wyvern
    11 | D        | Killed a wyvern
    12 | D        | Reached skill level 4 in Long Blades
    12 | D        | Reached XP level 2. HP: 24/25 MP: 2/2
    12 | D        | Reached XP level 3. HP: 28/29 MP: 3/3
    12 | D        | Reached XP level 4. HP: 34/35 MP: 4/4
    12 | D        | Reached XP level 5. HP: 38/39 MP: 5/5
    17 | D        | Killed a wyvern
    18 | D        | Reached skill level 5 in Long Blades
    18 | D        | Reached XP level 6. HP: 40/46 MP: 6/6
    70 | D        | Reached skill level 10 in Fighting
    70 | D        | Reached skill level 6 in Long Blades
    73 | D        | Reached XP level 7. HP: 47/52 MP: 7/7
    77 | D        | Reached skill level 7 in Long Blades
    80 | D        | Noticed a boulder beetle
    80 | D        | Noticed a boulder beetle
    87 | D        | Reached skill level 8 in Long Blades
    91 | D        | Reached skill level 10 in Armour
    99 | D        | Reached skill level 9 in Long Blades
   118 | D        | Found an iron altar of Okawaru.
   118 | D        | Found an opulent altar of Gozag.
   119 | D        | Found a sparkling altar of Nemelex Xobeh.
   119 | D        | Found a blossoming altar of Fedhas.
   120 | D        | Found a radiant altar of Vehumet.
   120 | D        | Found a burning altar of Makhleb.
   120 | D        | Found a white marble altar of Elyvilon.
   121 | D        | Found a hide-covered altar of Uskayaw.
   121 | D        | Found a corrupted altar of Lugonu.
   121 | D        | Found a shadowy altar of Dithmenos.
   122 | D        | Found a glowing silver altar of Zin.
   122 | D        | Found a bloodstained altar of Trog.
   122 | D        | Found an ancient bone altar of Kikubaaqudgha.
   123 | D        | Found a basalt altar of Yredelemnul.
   123 | D        | Found a shimmering blue altar of Sif Muna.
   123 | D        | Found a viscous altar of Jiyva.
   124 | D        | Found a shimmering altar of Xom.
   124 | D        | Found a sacrificial altar of Ru.
   126 | D        | Found a glowing golden altar of the Shining One.
   126 | D        | Found an ornate altar of the Wu Jian Council.
   126 | D        | Found a stormy altar of Qazlal.
   126 | D        | Found a snail-covered altar of Cheibriados.
   126 | D        | Found a hazy altar of Hepliaklqana.
   131 | D        | Became a worshipper of Trog the Wrathful
   151 | D        | Noticed Menkaure
   152 | D        | Noticed an ice statue
   162 | D        | Killed Menkaure
   163 | D        | Reached skill level 10 in Long Blades
   163 | D        | Reached XP level 8. HP: 26/57 MP: 8/8
   164 | D        | Found Jaitex's Book Boutique.
   164 | D        | Found Meuwuid's Antique Weapon Shop.
   165 | D        | Found Ludo's Jewellery Boutique.
   165 | D        | Found Kuteucs's Weapon Shop.
   166 | D        | Found Higguoch's Distillery.
   166 | D        | Found Riol's Distillery.
   167 | D        | Found Puelowoh's Magic Scroll Boutique.
   168 | D        | Found Ileuru's Antique Armour Shop.
   168 | D        | Found Cochio's Antique Armour Boutique.
   169 | D        | Found Rosygese's Jewellery Shop.
   169 | D        | Found Ciet's Antique Armour Boutique.
   173 | D        | Found Jakiraj's Armour Boutique.
   173 | D        | Found Depuo's Book Shop.
   173 | D        | Noticed an oklob plant
   174 | D        | Found Hipt's Book Boutique.
   174 | D        | Found Xivefeh's Book Shoppe.
   174 | D        | Noticed a cane toad
   174 | D        | Noticed a cane toad
   274 | D        | Noticed a death yak
   279 | D        | Bought a +0 cloak for 45 gold pieces
   291 | D        | Bought a potion of might for 56 gold pieces
   292 | D        | Bought a +6 ring of strength for 504 gold pieces
   298 | D        | Bought a potion of curing for 36 gold pieces
   298 | D        | Bought a potion of curing for 36 gold pieces
   306 | D        | Noticed a flying skull
   307 | D        | Noticed a flying skull
   326 | D        | Reached * piety under Trog
   409 | D        | Noticed a death drake
   410 | D        | Noticed a crystal guardian
   411 | D        | Noticed a death drake
   457 | D        | Killed a death drake
   458 | D        | Reached skill level 12 in Long Blades
   467 | D        | HP: 4/85 [crystal guardian (17)]
   468 | D        | Slain by a crystal guardian

Illustrated notes

Levels and vault maps discovered:
D:        the_violet_keep_of_menkaure [sprint2_stairs_cluster_1,
          sprint2_shoproom, sprint2_temple, sprint2_basic_supplies,
          sprint2_obstacle_1, sprint2_obstacle_7, sprint2_obstacle_2,
          sprint2_obstacle_4, sprint2_obstacle_6, sprint2_timed_cluster_1,
          sprint2_smallroom_cluster_1, sprint2_smallroom_final_cluster_1,
          sprint2_transparent_cluster_1, sprint2_second_timed_cluster_1,
          sprint2_sniper_area_1, sprint2_heavy_combat_area_1,
          sprint2_mutation_trap_area_1, sprint2_forest_area_1,
          sprint2_light_combat_area_1, sprint2_behind_water_1,
          sprint2_near_end_vault_1]

Skill      XL: |  1  2  3  4  5  6  7  8 |
---------------+-------------------------+-----
Fighting       | 8 9 10 | 10.1
Long Blades    | 4 5 6 10 12 | 12.2
Armour         | 7 8 9 10 | 10.8
Dodging        | 2 3 |  3.3
Shields        | |  3.2

Action                     |  1- 3 |  4- 6 |  7- 9 || total
---------------------------+-------+-------+-------++-------
  Melee: Long sword        |     2 |    23 |    92 ||   117
 Invoke: Berserk           |       |       |     1 ||     1
    Use: Potion            |     1 |     1 |     2 ||     4
 Armour: Scale mail        |     1 |    13 |    34 ||    48
  Dodge: Dodged            |     1 |     6 |    42 ||    49

Table legend: (Time is in decaauts)
 A = Elapsed time spent in this place.
 B = Non-inter-level travel time spent in this place.
 C = Inter-level travel time spent in this place.
 D = Time resting spent in this place.
 E = Time spent auto-exploring this place.
 F = Levels seen in this place.
 G = Mean time per level.
                   A        B        C        D        E       F      G
               +--------+--------+--------+--------+--------+-----+--------+
         Total |    483 |    483 |      0 |     34 |    101 |   1 |  483.0 |
       Dungeon |    483 |    483 |      0 |     34 |    101 |   1 |  483.0 |
               +--------+--------+--------+--------+--------+-----+--------+

Top non-repeatable levels by time:
       D: 483 daAuts
